 Dungeon Crawl Stone Soup version 0.26-a0-757-g626ac9e51a (webtiles) character file.

Game seed: 4302582639450814841

7 miscthings the Sneak (level 1, 0/20 HPs)
             Began as a Palentonga Delver on Nov 8, 2020.
             Slain by an orc
             ... wielding a +0 flail
              (8 damage)
             ... on level 4 of the Dungeon.
             The game lasted 00:00:13 (67 turns).

miscthings the Sneak (Palentonga Delver)              Turns: 67, Time: 00:00:13

Health: 0/20       AC:  4    Str: 15    XL:     1   Next: 83%
Magic:  1/1        EV:  9    Int: 10    God:
Gold:   6          SH:  0    Dex: 11    Spells: 0/0 levels left

rFire    . . .     SeeInvis +   a - +0 hand axe
rCold    . . .     Faith    .   (no shield)
rNeg     . . .     Spirit   .   b - +0 leather armour
rPois    .         Reflect  .   (no helmet)
rElec    .         Harm     .   (no cloak)
rCorr    .         Rampage  .   (no gloves)
MR       .....                  (no barding)
Stlth    ++........             (no amulet)
HPRegen  0.06/turn              (no ring)
MPRegen  0.07/turn              (no ring)

@: no status effects
A: large, rugged brown scales 3, see invisible, deformed body, roll, armoured
tail
a: Rolling Charge


You were on level 4 of the Dungeon.
You visited 1 branch of the dungeon, and saw 2 of its levels.

You collected 6 gold pieces.

Inventory:

Hand Weapons
 a - a +0 hand axe (weapon)
Armour
 b - a +0 leather armour (worn)
Wands
 g - a wand of digging (3)
Scrolls
 c - a scroll of fog
 d - 2 scrolls of magic mapping
 e - a scroll of fear
 h - a scroll of remove curse {unknown}
Potions
 f - a potion of haste


   Skills:
 - Level 3.0 Fighting
 + Level 2.6 Axes
 - Level 1.5 Dodging
 - Level 3.3 Stealth


You couldn't memorise any spells.
You didn't know any spells.
Your spell library was empty.

Dungeon Overview and Level Annotations

Branches:
Dungeon (5/15)
 Temple: D:4-7

Altars:


Innate Abilities, Weirdness & Mutations

You are completely covered in rugged brown scales. (AC +3, +7% HP)
You have supernaturally acute eyesight. (SInv)
Armour fits poorly on your strangely shaped body.
You can roll at foes to attack.
You have a long armoured tail.


Message History

You hit the orc but do no damage.
You tail-slap the orc, but do no damage.
The orc is almost dead.
You hit the jackal but do no damage. You hit the orc but do no damage.
The orc closely misses you. The jackal closely misses you.
The orc barely misses you. The jackal bites you.
You hit the orc.
You kill the orc!
You barely miss the orc. You barely miss the jackal. The orc barely misses you.
The jackal bites you but does no damage.
You hit the jackal.
The jackal is severely wounded.
You closely miss the orc. The jackal barely misses you.
The orc barely misses you. The jackal misses you.
You barely miss the orc. You closely miss the jackal.
The orc hits you but does no damage.
The jackal bites you but does no damage.
You barely miss the orc. You closely miss the jackal.
The jackal barely misses you. The orc hits you with a +0 flail!
You die...

#h .# #. ..####.#
.......##
....##..##
#...=....####
#####.###....h).#
#............o@?#
#........#(..#####
#..>...............
#..................
#........#.........
#........#.........
#..................
#.......#...#...#..
#....#####..##..#..


You could see an orc and a jackal.

Vanquished Creatures
  2 orcs (D:4)
  2 jackals (D:4)
4 creatures vanquished.

Notes
Turn   | Place    | Note
-------+----------+-------------------------------------------
     0 | D:5      | miscthings the Palentonga Delver began the quest for the
                  | Orb.
     0 | D:5      | Reached XP level 1. HP: 20/20 MP: 1/1
    56 | D:4      | Noticed an orc wizard
    67 | D:4      | Slain by an orc

Illustrated notes

Levels and vault maps discovered:
D:4:      layout_rooms, old_standard_altar, makhleb_altar_promises_db,
          kennysheep_potato, uniq_duvessa
D:5:      layout_basic, elyvilon_altar_5, minmay_guarded_unrand_staff_of_olgreb

Action                   || total
-------------------------++-------
Melee: Hand axe          ||    15
       Tailslap          ||     1
Armor: Leather armour    ||     7
Dodge: Dodged            ||    24

Table legend: (Time is in decaauts)
 A = Elapsed time spent in this place.
 B = Non-inter-level travel time spent in this place.
 C = Inter-level travel time spent in this place.
 D = Time resting spent in this place.
 E = Time spent auto-exploring this place.
 F = Levels seen in this place.
 G = Mean time per level.
                   A        B        C        D        E       F      G
               +--------+--------+--------+--------+--------+-----+--------+
         Total |     69 |     69 |      0 |      0 |     17 |   2 |   34.5 |
       Dungeon |     69 |     69 |      0 |      0 |     17 |   2 |   34.5 |
               +--------+--------+--------+--------+--------+-----+--------+

Top non-repeatable levels by time:
     D:4: 37 daAuts
     D:5: 32 daAuts
